 Dungeon Crawl Stone Soup version 0.28-a0-172-g787e458d71 (webtiles) character file.

Game seed: 10860608615844570982

78 porpoise the Chopper (level 4, -2/37 HPs)
             Began as a Palentonga Warper on Aug 17, 2021.
             Slain by Terence (8 damage)
             ... on level 3 of the Dungeon.
             The game lasted 00:11:02 (2421 turns).

porpoise the Chopper (Palentonga Warper)            Turns: 2421, Time: 00:11:02

Health: -2/37      AC:  6    Str: 15    XL:     4   Next: 15%
Magic:  7/7        EV:  8    Int: 14    God:
Gold:   136        SH:  3    Dex:  9    Spells: 5/7 levels left

rFire   . . .      SeeInvis +   a - +0 hand axe
rCold   . . .      Faith    .   n - +0 buckler
rNeg    . . .      Spirit   .   b - +0 leather armour
rPois   .          Reflect  .   i - +2 hat
rElec   .          Harm     .   (no cloak)
rCorr   .          Rampage  .   (no gloves)
Will    .....                   (no barding)
Stlth   +.........              (no amulet)
HPRegen 0.12/turn               (no ring)
MPRegen 0.10/turn               (no ring)

@: no status effects
A: large, rugged brown scales 3, see invisible, deformed body, roll 1, armoured
tail
a: Rolling Charge


You were on level 3 of the Dungeon.
You visited 1 branch of the dungeon, and saw 3 of its levels.

You collected 136 gold pieces.

Inventory:

Hand Weapons
 a - a +0 hand axe (weapon)
Missiles
 d - 3 boomerangs of dispersal (quivered)
 g - 11 stones
 h - 85 arrows
Armour
 b - a +0 leather armour (worn)
 i - a +2 hat (worn)
 n - a +0 buckler (worn)
Scrolls
 c - a scroll of blinking
 e - 2 scrolls of noise {unknown}
 f - 2 scrolls of vulnerability {unknown}
 l - a scroll of teleportation {unknown}
 o - a scroll of fog {unknown}
 p - a scroll of fear {unknown}
Potions
 j - 2 potions of heal wounds {unknown}
 k - a potion of degeneration {unknown}
 m - a potion of lignification {unknown}


   Skills:
 + Level 3.3 Fighting
 + Level 3.3 Axes
 - Level 0.6 Throwing
 - Level 0.7 Armour
 - Level 1.5 Dodging
 + Level 0.3 Shields
 - Level 2.0 Spellcasting
 - Level 3.0 Translocations


You had 5 spell levels left.
You knew the following spells:

 Your Spells              Type           Power      Damage    Failure   Level
k - Blink                 Tloc           N/A        N/A       21%         2

Your spell library contained the following spells:

 Spells                   Type           Power      Damage    Failure   Level
 Gell's Gravitas          Tloc           4%         N/A       36%         3
 Lesser Beckoning         Tloc           4%         N/A       36%         3
 Teleport Other           Tloc           9%         N/A       36%         3
 Manifold Assault         Tloc           9%         N/A       98%         5


Dungeon Overview and Level Annotations

Branches:
Dungeon (3/15)

Altars:

Shops:
D:3 :

Annotations:
D:3 Terence


Innate Abilities, Weirdness & Mutations

You are completely covered in rugged brown scales. (AC +3, +7% HP)
You have supernaturally acute eyesight. (SInv)
Armour fits poorly on your strangely shaped body.
You can roll at nearby foes to attack.
You have a long armoured tail.


Message History

Terence barely misses you.
You hit Terence.
Your tail-slap misses Terence.
Terence is lightly wounded.
Terence hits you but does no damage.
You barely miss Terence.
Terence is lightly wounded.
Terence barely misses you.
A kobold comes into view. It is wielding a +0 short sword.
Terence hits you with a +0 flail.
You hit Terence.
Terence is moderately wounded.
You hit the goblin. The goblin hits you with a +0 club.
Terence barely misses you. You block the goblin's attack.
You hit Terence.
Terence is moderately wounded.
You closely miss the goblin. Terence barely misses you.
The goblin hits you but does no damage.
You hit Terence but do no damage.
Terence is moderately wounded.
You completely miss the goblin. Terence hits you with a +0 flail!
The goblin hits you with a +0 club.
You barely miss Terence.
Terence is moderately wounded.
You hit the goblin.
You kill the goblin!
Terence hits you with a +0 flail.
You hit Terence but do no damage.
Terence is moderately wounded.
Terence hits you with a +0 flail.
* * * LOW HITPOINT WARNING * * *
Throw: 4 boomerangs (disperse)
Press: ? - help, Q - select action, (/) - cycle Shift-Dir - straight line, f/p - Terence
Aim: Terence, wielding a +0 flail and wearing a +0 chain mail (moderately wounded, 62% to hit)
You throw a boomerang of dispersal.
The boomerang of dispersal closely misses Terence.
A goblin comes into view. It is wielding a +0 dagger of venom.
Terence hits you with a +0 flail.
* * * LOW HITPOINT WARNING * * *
Terence hits you with a +0 flail!
You die...

........ #♣≈≈≈≈≈
..........###♣≈≈P≈≈≈ ...
...>..##≈P≈≈≈≈≈≈ ..
#.##.##♣≈≈≈≈≈≈≈ ..
##....#...≈≈≈≈≈≈ #
#.##...#.#.........
#.#.#....#...≈.≈≈≈≈≈≈
.g.#..@#.......≈≈.≈≈PP≈≈
....>.K@....##♣♣P.PP≈≈♣♣
#.#.......#..≈♣≈≈.≈≈≈♣♣
#.........###♣♣P≈.≈≈≈♣
##.......## ♣≈≈.≈≈≈♣
#.....#.# ♣≈≈.≈≈P≈.
.......#.# ≈.≈≈≈..
##.......# ......... ...
...


You could see Terence, a goblin (wandering) and a kobold.

Vanquished Creatures
  2 adders
  2 dart slugs
  6 bats
  5 endoplasms (D:1)
  5 hobgoblins (D:1)
  3 quokkas
  12 ball pythons
  4 frilled lizards
  6 goblins
  3 kobolds
  6 rats
54 creatures vanquished.

Vanquished Creatures (others)
  3 plants (D:3)
3 creatures vanquished.

Grand Total: 57 creatures vanquished

Notes
Turn   | Place    | Note
-------+----------+-------------------------------------------
     0 | D:1      | porpoise the Palentonga Warper began the quest for the Orb.
     0 | D:1      | Reached XP level 1. HP: 17/17 MP: 3/3
   355 | D:1      | Reached XP level 2. HP: 24/24 MP: 5/5
   361 | D:1      | Learned a level 2 spell: Blink
   873 | D:1      | Reached XP level 3. HP: 29/29 MP: 6/6
  2152 | D:3      | Found a faded altar of an unknown god.
  2174 | D:3      | Found Dininlop's Book Shop.
  2266 | D:3      | Reached XP level 4. HP: 23/37 MP: 7/7
  2409 | D:3      | Noticed Terence
  2421 | D:3      | Slain by Terence

Illustrated notes

Levels and vault maps discovered:
D:1:      dpeg_arrival_erosion, layout_basic
D:2:      layout_basic
D:3:      layout_rooms, shapermc_ecumenical_altar_acropolis, serial_shops, shop,
          serial_bayou_pond_e, serial_bayou_lagoon_b, uniq_terence, uniq_natasha

Skill      XL: |  1  2  3 |
---------------+----------+-----
Fighting       | 3 |  3.3
Axes           | 3 |  3.3
Throwing       | |  0.6
Armour         | |  0.7
Dodging        | |  1.5
Shields        | |  0.3
Spellcasting   | |  2.0
Translocations | |  3.0

Action                   |  1- 3 |  4- 6 || total
-------------------------+-------+-------++-------
Melee: Hand axe          |   140 |    14 ||   154
       Tailslap          |    13 |     2 ||    15
Throw: Boomerang         |     1 |     1 ||     2
 Abil: Rolling Charge    |    19 |     1 ||    20
Armor: Leather armour    |    50 |     3 ||    53
Dodge: Dodged            |    66 |     7 ||    73
Block: Buckler           |     3 |     1 ||     4

Table legend: (Time is in decaauts)
 A = Elapsed time spent in this place.
 B = Non-inter-level travel time spent in this place.
 C = Inter-level travel time spent in this place.
 D = Time resting spent in this place.
 E = Time spent auto-exploring this place.
 F = Levels seen in this place.
 G = Mean time per level.
                   A        B        C        D        E       F      G
               +--------+--------+--------+--------+--------+-----+--------+
         Total |   2450 |   2396 |     54 |    843 |   1076 |   3 |  816.7 |
       Dungeon |   2450 |   2396 |     54 |    843 |   1076 |   3 |  816.7 |
               +--------+--------+--------+--------+--------+-----+--------+

Top non-repeatable levels by time:
     D:1: 1083 daAuts
     D:2: 1031 daAuts
     D:3: 335 daAuts
